Arrhythmia, chaotic female vampiric Convict --- ------.--- --..||<...| --.. |...||....-- |...... --.%---....| --....- |-.(.--.... |-..(-----.........| --.........|...(.[.-- |.....----.--......| --......--.....&..-- --............@G| --..........|._).- |...........|--.- |.....^.(...| --.--.|.|.--- ------ --- Arrhythmia the Jail-bird Experience level: 9 Strength: 16 Dexterity: 13 Constitution: 18 Intelligence: 11 Wisdom: 13 Charisma: 7 Health: 0(95) Energy: 54(54) AC: 3 Gold: 1662 Moves: 5480 Your Inventory: Coins $ - 1662 gold pieces Armor b - a cursed +0 striped shirt e - an [uncursed] +0 elven mithril-coat (being worn) k - an [uncursed] +0 pair of jackboots [high] (being worn) I - an [uncursed] +0 hooded cloak [dwarvish] (being worn) Scrolls g - an [uncursed] scroll of identify m - an uncursed scroll of stinking cloud r - 3 [uncursed] unlabeled scrolls [of blank paper] Rings C - a [cursed -1] quartz ring [of gain dexterity] G - an [uncursed +4] wooden ring [of gain intelligence] Wands h - an uncursed wand of lightning (0:6) j - an uncursed wand of light (0:13) o - an [uncursed] wand of magic missile [0:5] t - an [uncursed] cedar wand [of speed monster (0:6)] Tools A - a cursed [oil] lamp (0:0) D - an [uncursed] bag of tricks [0:12] H - an [uncursed +0] pick-axe [of stealth] Gems l - an [uncursed] violet gem [worthless glass] Iron balls c - an [uncursed] heavy iron ball (chained to you) (weapon in hand) Spells known in the end: Name Level Category Fail Memory Your skills at the end: Fighting Skills Weapon Skills sling [Basic / Skilled] Spellcasting Skills Final Attributes: You were piously aligned. Hunger level was 388. Your alignment was 37 / 37. Monster difficulty range was 1 - 9. Level difficulty was 10. You were immune to poison. You were immune to level-drain. You were immune to sickness. You were punished. You could fly. You could survive without air. You regenerated. Your luck was zero. You are dead. Vanquished creatures: a rodent of unusual size 3 tengu a giant beetle a giant spider 2 orc mummies a dwarf mummy a housecat a jaguar a dwarf lord a dust vortex a raven a gnome mummy an ape 5 bugbears an orc shaman a rock piercer a pony a fog cloud 2 yellow lights a shrieker a violet fungus 6 gnome lords a red naga hatchling a paper golem a wax golem 4 giant ants 8 dwarves a kobold shaman 11 hill orcs 2 rothes a giant bat 3 dwarf zombies 2 iguanas an acid blob 2 hobbits 3 large kobolds 7 hobgoblins 3 giant rats 2 yellow molds 42 gnomes 3 geckos 4 jackals 2 foxes 3 kobolds 10 goblins 3 sewer rats a grid bug 2 bats 3 lichens 6 newts 167 creatures vanquished. Voluntary challenges: You went without food. You never hit with a wielded weapon. You read items or engraved 506 times. You put on armor 18 times. You never genocided any monsters. You never polymorphed an object. You changed form 2 times. You used no wishes. You wrote Elbereth's name 184 times. You never encountered a bones level. You never used any Sokoban shortcuts. Dungeon overview: The Dungeons of Doom: levels 1 to 7 Level 1 a fountain a long staircase Level 2 an altar to Tymora, a fountain Level 3 a fountain Level 4 a fountain stairs to The Gnomish Mines Level 5 a sink Level 6 a scroll shop The Gnomish Mines: levels 5 to 10 Level 5 stairs to The Dungeons of Doom Level 7 a temple, a magic chest, a fountain Level 10 <- You were here History has recorded: On T:1 you entered the Dungeons of Doom to retrieve the Amulet of Yendor! On T:232 you reached level 2 of The Dungeons of Doom. On T:459 you advanced to experience level 2. On T:902 you advanced to experience level 3. On T:1042 you reached level 3 of The Dungeons of Doom. On T:1424 you reached level 4 of The Dungeons of Doom. On T:1502 you advanced to experience level 4. On T:1769 you advanced to experience level 5. On T:1857 you reached level 5 of The Dungeons of Doom. On T:2330 you reached level 6 of The Dungeons of Doom. On T:2720 you advanced to experience level 6. On T:2901 you reached level 7 of The Dungeons of Doom. On T:2987 you advanced to experience level 7. On T:3480 you reached level 1 of The Gnomish Mines. On T:3889 you reached level 2 of The Gnomish Mines. On T:4027 you advanced to experience level 8. On T:4499 you reached level 3 of The Gnomish Mines. On T:4917 you reached level 4 of The Gnomish Mines. On T:5057 you advanced to experience level 9. On T:5375 you reached level 6 of The Gnomish Mines. Latest messages: [HP+1=52] The gnome lord misses. [HP+1=53] [HP+1=54] [HP+1=55] You ese here a candle. The gnome lord wields 2 magical daggers! The marilith hits! (2x) The marilith misses. The miralith misses. The marilith hits! (2x) [HP-21=34] You are having a tough time swinging the heavy iron ball. You feel mroe confident in your weapon skills. You hit the gnome lord. You miss the gnome lord. The gmone lord thrusts his magical dagger. The gnome lord hits! The marilith hits! (2x) The maritilh hits! The marilith misses. The marilith hits! (2x) You die... Final status: Goodbye Arrhythmia the Convict... You died in The Gnomish Mines on dungeon level 10 with 8880 points, and 1662 pieces of gold, after 5480 moves. You were level 9 with a maximum of 95 hit points when you died.